 Dungeon Crawl Stone Soup version 0.26-a0-597-gb535b0901c (webtiles) character file.

Game seed: 507531958606736200

17 Alarkh the Insei (level 2, 21/23 HPs)
             Began as a Demonspawn Gladiator on Sept 15, 2020.
             Got out of the dungeon alive.
             The game lasted 00:00:18 (320 turns).

Alarkh the Insei (Demonspawn Gladiator)              Turns: 320, Time: 00:00:19

Health: 21/23      AC:  3    Str: 14    XL:     2   Next: 44%
Magic:  2/2        EV: 12    Int: 11    God:
Gold:   13         SH:  0    Dex: 14    Spells: 1/1 levels left

rFire    . . .     SeeInvis .     - Unarmed
rCold    + . .     Faith    .   (no shield)
rNeg     . . .     Spirit   .   a - +0 leather armour
rPois    .         Reflect  .   (helmet restricted)
rElec    .         Harm     .   (no cloak)
rCorr    .                      (no gloves)
MR       .....                  (no boots)
Stlth    +.........             (no amulet)
HPRegen  0.07/turn              (no ring)
MPRegen  0.08/turn              (no ring)

@: no status effects
A: horns 1, clever 1, cold resistance 1
a: no special abilities


You escaped.
You visited 1 branch of the dungeon, and saw 1 of its levels.

You collected 13 gold pieces.

Inventory:

Missiles
 c - 3 throwing nets (quivered)
Armour
 a - a +0 leather armour (worn)
 b - a +0 helmet
Scrolls
 e - a scroll of identify {unknown}
 g - a scroll of remove curse {unknown}


   Skills:
 + Level 2.4 Fighting
 - Level 1.7 Throwing
 - Level 2.6 Dodging
 * Level 3.2 Unarmed Combat


You had one spell level left.
You didn't know any spells.
Your spell library was empty.

Dungeon Overview and Level Annotations

Branches:
Dungeon (1/15)

Altars:


Innate Abilities, Weirdness & Mutations

You have a pair of small horns on your head.
Your mind is acute. (Int +2)
Your flesh is cold resistant. (rC+)


Message History

The giant cockroach is almost dead.
The giant cockroach bites you but does no damage.
You hit the giant cockroach but do no damage.
Your headbutt misses the giant cockroach.
The giant cockroach is almost dead.
The giant cockroach bites you but does no damage.
You completely miss the giant cockroach.
Your headbutt misses the giant cockroach.
The giant cockroach is almost dead.
The giant cockroach closely misses you. The giant cockroach barely misses you.
You hit the giant cockroach.
You kill the giant cockroach!
No target in view!
No target in view!
No target in view!
No target in view!
There is an open door here.
There is a staircase leading out of the dungeon here.
Are you sure you want to leave the Dungeon?
This will make you lose the game!
You have escaped!

..#.#.#...#..##.#.##
.#..#
....#.#..###.#8.#.8# # .#
......#..###.##.#.## #
......#...#..#8.#.8#
......#......##.#.##
..#####.######8...8## #.#
#.#8#8#8#...#8#8#8# #.#
#.#...............#
#.#####.'.###...@...###.+
#....†..#...............
#########8#8#8#...#8#8#8#
. #####8...8#### #
##.#.## 8.#.8 ##.#.# 8.
.8


There were no monsters in sight!

Vanquished Creatures
  A gnoll (D:1)
  A dart slug (D:1)
  A giant cockroach (D:1)
  2 frilled lizards (D:1)
  A goblin (D:1)
  A kobold (D:1)
  A rat (D:1)
8 creatures vanquished.

Notes
Turn   | Place    | Note
-------+----------+-------------------------------------------
     0 | D:1      | Alarkh the Demonspawn Gladiator began the quest for the
                  | Orb.
     0 | D:1      | Reached XP level 1. HP: 16/16 MP: 1/1
   141 | D:1      | Reached skill level 3 in Unarmed Combat
   156 | D:1      | Gained mutation: Your mind is acute. (Int +2) [potion of
                  | mutation]
   156 | D:1      | Gained mutation: Your flesh is cold resistant. (rC+)
                  | [potion of mutation]
   159 | D:1      | Gained mutation: You have a pair of small horns on your
                  | head. [demonic ancestry]
   159 | D:1      | Reached XP level 2. HP: 9/23 MP: 2/2
   320 | D:$      | Got out of the dungeon alive.

Illustrated notes

Levels and vault maps discovered:
D:1:      heliophobic_arrival_ceremonial_halls, layout_basic,
          hangedman_decor_opposing

Skill      XL: |  1 |
---------------+----+-----
Unarmed Combat | 3 |  3.2
Fighting       | |  2.4
Throwing       | |  1.7
Dodging        | |  2.6

Action                   || total
-------------------------++-------
Melee: Unarmed           ||    36
       Headbutt          ||     1
  Use: Potion            ||     2
Armor: Leather armour    ||     8
Dodge: Dodged            ||    20

Table legend: (Time is in decaauts)
 A = Elapsed time spent in this place.
 B = Non-inter-level travel time spent in this place.
 C = Inter-level travel time spent in this place.
 D = Time resting spent in this place.
 E = Time spent auto-exploring this place.
 F = Levels seen in this place.
 G = Mean time per level.
                   A        B        C        D        E       F      G
               +--------+--------+--------+--------+--------+-----+--------+
         Total |    318 |    298 |     20 |      0 |    237 |   1 |  318.0 |
       Dungeon |    318 |    298 |     20 |      0 |    237 |   1 |  318.0 |
               +--------+--------+--------+--------+--------+-----+--------+

Top non-repeatable levels by time:
     D:1: 318 daAuts
